Map: Rhoskallian LE

Players

ALIVE - Winner!

  • Race: Protoss Protoss
  • Spawn Location: 5:00

Aphorism - Winner!

  • Race: Terran Terran
  • Spawn Location: 6:00

xBenx

  • Race: Zerg Zerg
  • League: Gold
  • Spawn Location: 12:00

WarpigxxxL

  • Race: Zerg Zerg
  • Spawn Location: 11:00

VOD

Have the link to the VOD?

Description

WarpigxxL, xBenx vs Aphorism, ALIVE

Time

  • Played on: April 8, 2024, 7:39 p.m.
  • Length: 17:30
Show
View Real Time Build Order
Export as new Build Order

ALIVE Protoss - Winner!

Build Orders:  

Get SALT Encoding   

  12  0:02  Probe (Chrono Boost)  
  13  0:16  Probe (Chrono Boost)  
  14  0:23  Pylon  
  14  0:26  Probe  
  14  0:27  Assimilator  
  15  0:33  Assimilator  
  15  0:41  Probe  
  16  0:53  Probe  
  17  1:21  Probe  
  17  1:24  Pylon  
  18  1:33  Probe  
  19  2:20  Probe  
  19  2:28  Probe  
  21  2:38  Probe  
Show
View Real Time Build Order
Export as new Build Order

Aphorism Terran - Winner!

Build Orders: 2 Factory 

Get SALT Encoding   

  12  0:00  SCV  
  13  0:13  SCV  
  14  0:18  Supply Depot  
  14  0:28  SCV  
  15  0:37  Refinery  
  15  0:40  SCV  
  15  0:41  Refinery  
  16  0:46  Barracks  
  16  1:01  SCV  
  17  1:05  Supply Depot  
  17  1:09  Barracks  
  17  1:13  SCV  
  18  1:27  SCV  
  19  1:33  Marine  
  20  1:40  Command Center  
  20  1:52  Orbital Command  
  20  1:54  Marine  
  20  1:59  Marine  
  22  2:04  Factory  
  22  2:11  Factory  
  22  2:15  Supply Depot  
  22  2:21  Barracks Tech Lab  
  22  2:22  Barracks Reactor  
  21  3:04  Orbital Command  
  21  3:08  Marine x3  
  21  3:09  Stimpack  
  21  3:12  Factory Tech Lab x2  
  24  3:14  Starport  
  24  3:22  Barracks  
  24  3:24  Barracks  
  24  3:25  Barracks x2  
  24  3:26  Barracks, Marine  
  25  3:28  Supply Depot  
  25  3:40  Marine x2  
  27  3:43  Marine  
  28  3:52  Supply Depot  
  28  3:53  SCV x2  
  28  3:54  Starport Reactor, Supply Depot  
  30  3:57  Siege Tank  
  30  3:58  Siege Tank  
  36  4:11  Engineering Bay x2  
  36  4:14  Armory  
  36  4:18  SCV x2  
  36  4:22  Marine x2  
  41  4:27  Barracks Reactor x2  
  41  4:28  Barracks Reactor x3  
  40  4:31  Medivac  
  40  4:33  Medivac  
  40  4:35  SCV  
  40  4:36  SCV  
  46  4:49  Combat Shield  
  46  4:50  Siege Tank x2  
  52  4:56  SCV x2  
  54  5:01  Medivac  
  54  5:03  Medivac  
  41  5:43  Marine x3  
  38  6:01  Marine x13  
  50  6:11  Siege Tank x2  
  56  6:12  Liberator  
  56  6:13  Liberator  
  60  6:18  Marine x2  
  60  6:19  Marine x6  
  62  6:25  SCV  
  62  6:26  SCV  
  58  6:35  Marine x5  
  58  6:36  Marine x3  
  58  6:37  Marine x2  
  58  6:38  SCV x2  
  66  6:50  SCV x2  
  62  7:02  SCV x2  
  57  7:11  Marine  
  57  7:12  Marine x6  
  57  7:14  SCV x2, Medivac x2  
  70  7:26  SCV x2  
  72  7:38  SCV x2  
  74  7:45  Marine x4  
  74  7:47  Marine  
  78  8:15  SCV  
  78  8:19  Marine  
  78  8:20  Marine x2  
  78  8:21  SCV  
  64  8:38  Marine x5  
  64  8:39  Marine x8  
  67  8:56  Marine x5  
  72  9:09  Viking x2  
  63  9:43  Marine x10  
  63  9:44  Marine x3  
  75  9:48  Supply Depot  
  74  10:13  Supply Depot  
  74  10:28  SCV x2  
  76  10:40  SCV x2  
  78  10:47  Marine x8  
  78  10:48  Marine x5  
  78  10:49  Medivac  
  93  10:52  SCV  
  94  11:23  Terran Infantry Weapons Level 1, Terran Infantry Armor Level 1  
  94  11:29  Marine  
  94  11:36  Marine  
  94  11:45  SCV  
  94  11:48  SCV  
  94  11:49  Marine  
  94  11:52  Marine  
  94  11:57  Marine  
  94  12:11  Marine  
  94  12:12  Marine  
  94  12:28  Marine x2, SCV  
  94  12:29  Marine x6  
  94  12:30  Marine  
  94  12:31  Medivac, Marine x2  
  88  14:14  Supply Depot  
  87  16:16  Supply Depot x2  
  87  16:37  SCV, Marine x5  
  87  16:38  Supply Depot  
  92  16:49  SCV  
  79  17:01  SCV  
  79  17:14  SCV  
Show
View Real Time Build Order
Export as new Build Order

xBenx Zerg 

Build Orders: Pool First 

Get SALT Encoding   

  12  0:02  Drone  
  13  0:14  Overlord  
  14  0:21  Drone  
  14  0:36  Spawning Pool  
  14  0:40  Drone  
  14  0:44  Drone  
  14  0:48  Drone  
  16  1:01  Drone  
  16  1:03  Extractor  
  16  1:04  Drone  
  18  1:32  Zergling x2  
  18  1:33  Zergling x2  
  18  1:36  Drone  
  20  1:50  Hatchery  
  20  1:52  Drone  
  20  2:04  Extractor  
  20  2:05  Drone  
  20  2:06  Queen  
  23  2:34  Overlord x3  
  22  2:52  Zergling x2  
  21  3:07  Hatchery  
  20  3:14  Roach Warren  
  20  3:16  Drone x2  
  21  3:32  Lair, Metabolic Boost  
  21  3:47  Spore Crawler  
  20  3:52  Drone  
  20  3:53  Drone  
  22  4:14  Hatchery  
  21  4:18  Zergling x8  
  25  4:26  Drone x3  
  28  4:41  Drone, Queen  
  31  4:54  Nydus Network  
  30  5:02  Drone x2  
  32  5:08  Glial Reconstitution  
  32  5:14  Drone  
  33  5:15  Drone  
  31  5:40  Zergling x2  
  31  5:41  Zergling x8  
  31  5:42  Roach x2  
  39  5:47  Roach x2  
  42  5:52  Nydus Canal  
  42  5:58  Drone  
  42  5:59  Drone  
  44  6:17  Burrow  
  37  6:41  Zergling x6, Roach x2  
  37  6:42  Zergling x4, Roach x3  
  50  6:53  Tunneling Claws  
  50  6:54  Drone  
  50  6:55  Drone x2  
  50  6:56  Extractor  
  50  6:58  Spore Crawler  
  50  7:00  Spine Crawler  
  50  7:03  Spine Crawler  
  49  7:10  Nydus Canal  
  49  7:17  Drone  
  49  7:18  Infestation Pit  
  49  7:19  Drone  
  50  7:23  Drone  
  50  7:25  Drone  
  52  7:30  Nydus Canal  
  51  7:46  Nydus Canal  
  50  8:04  Hive  
  50  8:08  Nydus Canal  
  50  8:11  Roach  
  45  8:21  Zergling x10, Roach x3  
  47  8:35  Roach x2  
  47  8:39  Nydus Canal  
  35  9:06  Nydus Canal  
  35  9:08  Zergling x10, Roach x3  
  35  9:09  Roach  
  48  9:11  Drone  
  49  9:27  Pneumatized Carapace  
  49  9:28  Drone  
  49  9:31  Roach  
  49  9:43  Nydus Canal  
  48  9:52  Roach  
  27  10:15  Drone x5  
  27  10:16  Drone x2  
  27  10:17  Drone x3  
  27  10:21  Spore Crawler  
  36  10:23  Spine Crawler  
  36  10:25  Drone x2  
  37  10:29  Drone  
  37  10:30  Zergling x2  
  39  10:39  Evolution Chamber x2  
  39  10:42  Swarm Host  
  39  10:51  Nydus Canal  
  39  10:53  Drone x3  
  42  11:00  Drone x3  
  45  11:07  Queen  
  45  11:10  Overlord  
  47  11:13  Roach  
  47  11:31  Nydus Canal  
  46  11:37  Zergling x8, Roach x4  
  46  11:39  Zerg Ground Armor Level 1  
  58  11:41  Zerg Missile Weapons Level 1  
  58  11:50  Nydus Canal  
  58  12:00  Drone, Spine Crawler  
  44  12:17  Roach  
  44  12:23  Roach  
  44  12:24  Spine Crawler  
  44  12:25  Lair  
  44  12:28  Spawning Pool  
  38  12:30  Drone x3  
  38  12:31  Hydralisk Den  
  38  12:34  Extractor  
  38  12:35  Nydus Canal  
  34  13:10  Zergling x14, Roach x5  
  34  13:11  Zergling x2  
  52  13:19  Roach  
  50  13:28  Nydus Canal  
  32  13:50  Drone x4  
  32  13:54  Spine Crawler  
  32  13:55  Spine Crawler  
  31  13:56  Drone  
  31  13:57  Spine Crawler  
  30  14:24  Hydralisk  
  30  14:25  Baneling Nest  
  27  14:48  Queen  
  27  14:50  Spine Crawler  
  27  14:51  Hydralisk x2  
  31  15:15  Zergling x2, Extractor  
  31  15:16  Zergling x8  
  35  15:24  Lurker Den  
  34  15:28  Drone x2  
  36  15:47  Baneling  
  36  15:48  Baneling x4  
  36  15:49  Zergling x2  
  38  15:50  Zergling x6  
  38  15:56  Overlord  
  40  16:28  Zergling x2  
  40  16:29  Zergling x8  
  45  16:35  Roach  
  45  16:43  Baneling x2  
Show
View Real Time Build Order
Export as new Build Order

WarpigxxxL Zerg 

Build Orders: Pool First 

Get SALT Encoding   

  12  0:20  Overlord x2  
  12  0:39  Spawning Pool  
  12  0:40  Drone  
  12  0:50  Drone x2  
  14  0:57  Drone  
  14  0:58  Extractor  
  14  1:10  Drone  
  15  1:19  Drone  
  16  1:39  Zergling x2  
  18  1:40  Zergling x2  
  18  1:47  Hatchery  
  17  1:55  Drone  
  18  2:14  Baneling Nest  
  17  2:20  Zergling x6  
  20  2:32  Drone  
  21  2:40  Extractor  
  20  2:47  Lair  
  20  2:58  Baneling  
  20  3:03  Drone x3  
  23  3:09  Baneling  
  23  3:16  Baneling  
  23  3:22  Zergling x2  
  23  3:23  Zergling x6  
  27  3:34  Zergling x2  
  28  3:43  Metabolic Boost  
  28  3:47  Hatchery  
  27  3:49  Drone  
  28  3:56  Centrifugal Hooks  
  28  4:17  Zergling x4  
  28  4:18  Zergling x4  
  28  4:23  Overlord  
  32  4:30  Drone  
  33  4:32  Drone  
  33  4:37  Drone  
  35  4:43  Zergling x2  
  35  4:45  Drone  
  37  4:52  Zergling x2  
  38  5:00  Drone  
  38  5:06  Drone x3  
  42  5:13  Baneling x2  
  42  5:14  Baneling x2  
  42  5:17  Zergling x2  
  29  5:44  Zergling x12  
  29  5:45  Zergling x6  
  38  5:55  Zergling x2  
  38  5:56  Zergling x2  
  39  6:01  Zergling x2  
  38  6:12  Zergling x6  
  40  6:30  Baneling  
  40  6:31  Baneling x14  
  36  6:34  Drone x2  
  36  6:35  Drone x4  
  32  7:09  Zergling x12  
  32  7:10  Zergling x6  
  32  7:12  Queen x2  
  45  7:23  Nydus Network  
  44  7:34  Zergling x10  
  44  7:35  Zergling x2  
  50  7:38  Infestation Pit, Baneling x4  
  49  7:59  Zergling x2  
  49  8:02  Zergling x4  
  49  8:03  Zergling x2  
  43  8:08  Baneling  
  43  8:09  Baneling x15  
  33  8:34  Zergling x8  
  33  8:35  Zergling x6  
  33  8:40  Zergling x2  
  38  8:53  Spore Crawler  
  37  8:59  Nydus Canal  
  37  9:06  Zergling x8  
  33  9:35  Zergling x12  
  33  9:36  Zergling x2  
  40  9:38  Zergling x2  
  41  9:54  Nydus Canal  
  40  10:12  Nydus Canal  
  48  10:24  Burrow  
  45  10:28  Drone  
  42  10:51  Zergling x10  
  47  11:02  Zergling x4  
  49  11:39  Nydus Canal  
  49  11:43  Overlord x2  
  49  11:55  Nydus Canal  
  49  11:57  Hatchery  
  48  12:08  Baneling  
  48  12:09  Baneling x8  
  30  12:41  Zergling x8  
  30  12:42  Zergling x4  
  18  13:23  Drone x2  
  19  13:27  Drone x2  
  19  13:28  Drone  
  22  13:44  Spawning Pool  
  19  14:13  Drone x6  
  25  14:33  Zergling x4  
  27  14:47  Spine Crawler  
  26  14:53  Zergling x6  
  26  14:54  Zergling x2  
  29  15:00  Lair  
  22  15:21  Zergling x6  
  25  16:21  Spire  
  24  16:31  Overlord  
  24  16:32  Overlord x2  
  23  16:59  Zergling x4  
  23  17:12  Zergling x2  
Tags
 
Add a new tag
Caveats
  • Supply blocks, unpowered buildings, or Contaminate may cause inaccurate times.
  • Supply counts are checked every 10 seconds.